Map: Port Aleksander LE

Players

Lambo

  • Race: Zerg Zerg
  • Spawn Location: 11:00

LiquidSnute (Snute) - Winner!

  • Race: Zerg Zerg
  • Spawn Location: 5:00

Event: IEM Season 13 - Katowice Server Qualifiers Europe

VOD

Have the link to the VOD?

Description

Time

  • Played on: Jan. 8, 2019, 9:25 a.m.
  • Length: 6:04

All games in this series

Show
View Real Time Build Order
Export as new Build Order

Lambo Zerg 

Build Orders: Hatch First 

Get SALT Encoding   

  12  0:00  Drone  
  13  0:13  Overlord  
  13  0:17  Drone  
  14  0:32  Drone x2  
  16  0:49  Hatchery  
  15  0:52  Drone  
  15  0:56  Drone  
  17  0:59  Drone  
  18  1:10  Extractor  
  17  1:15  Spawning Pool  
  17  1:18  Drone  
  17  1:21  Drone  
  18  1:28  Drone  
  19  1:39  Drone  
  20  1:50  Drone  
  21  2:01  Queen x2, Drone  
  21  2:02  Overlord  
  26  2:10  Metabolic Boost  
  26  2:12  Drone  
  26  2:15  Drone  
  28  2:30  Drone x2  
  28  2:36  Hatchery  
  29  2:42  Drone  
  29  2:44  Zergling x2  
  31  2:50  Drone  
  31  2:51  Baneling Nest  
  31  2:52  Overlord  
  31  2:57  Zergling x4  
  33  3:07  Drone x2  
  33  3:12  Drone x2  
  37  3:13  Zergling x2, Drone x2  
  37  3:15  Zergling x2  
  41  3:20  Drone  
  41  3:22  Overlord  
  42  3:29  Evolution Chamber  
  42  3:32  Queen  
  43  3:35  Drone  
  44  3:41  Zergling x2  
  44  3:43  Drone x2  
  44  3:44  Drone x2  
  49  3:50  Roach Warren  
  49  3:53  Baneling  
  49  3:54  Drone x2  
  50  3:56  Drone  
  50  3:58  Drone  
  50  3:59  Drone  
  50  4:02  Drone  
  54  4:03  Drone  
  54  4:07  Drone  
  54  4:09  Drone  
  57  4:12  Zergling x2  
  57  4:14  Baneling x2  
  57  4:16  Drone  
  57  4:18  Extractor, Drone x2  
  57  4:19  Extractor  
  57  4:23  Drone  
  57  4:34  Overlord  
  57  4:36  Overlord  
  57  4:43  Zergling x6  
  54  4:46  Baneling x2  
  54  4:47  Zergling x6  
  54  4:49  Overlord  
  54  4:52  Overlord  
  56  4:55  Overlord  
  56  4:56  Drone x3  
  59  5:00  Roach x2  
  59  5:05  Roach, Zergling x2  
  65  5:08  Roach  
  65  5:10  Roach  
  66  5:14  Roach x3  
  66  5:17  Roach  
  66  5:21  Roach  
  69  5:26  Roach  
  60  5:28  Zergling x2  
  60  5:32  Roach  
  56  5:36  Zergling x2  
  55  5:44  Roach, Zergling x2  
Show
View Real Time Build Order
Export as new Build Order

LiquidSnute Zerg - Winner!

Build Orders: Hatch First 

Get SALT Encoding   

  12  0:00  Drone  
  13  0:12  Overlord  
  13  0:18  Drone  
  14  0:31  Drone x2  
  14  0:34  Drone  
  17  0:52  Hatchery  
  17  0:55  Drone  
  17  0:59  Drone  
  17  1:02  Extractor  
  17  1:14  Spawning Pool  
  17  1:17  Drone  
  17  1:21  Drone  
  18  1:28  Drone  
  19  1:40  Overlord  
  19  1:49  Drone  
  20  2:00  Queen  
  23  2:01  Drone, Metabolic Boost  
  23  2:05  Queen  
  25  2:09  Drone  
  25  2:12  Drone  
  25  2:15  Drone  
  28  2:22  Drone  
  29  2:25  Drone  
  30  2:34  Drone  
  30  2:36  Drone  
  32  2:44  Hatchery  
  32  2:46  Overlord  
  32  2:48  Drone  
  32  2:55  Drone  
  32  2:58  Drone  
  34  3:05  Drone  
  35  3:08  Drone x2  
  35  3:09  Drone x2  
  39  3:13  Drone x3  
  39  3:17  Drone  
  43  3:21  Overlord  
  43  3:22  Evolution Chamber  
  43  3:24  Extractor  
  41  3:29  Zergling x2  
  41  3:30  Roach Warren, Queen  
  41  3:32  Zergling x2  
  44  3:37  Overlord  
  44  3:40  Zergling x6  
  47  3:46  Zergling x2  
  47  3:47  Zergling x6  
  51  3:57  Overlord  
  51  4:05  Overlord  
  50  4:11  Roach x4  
  50  4:16  Roach x4  
  63  4:24  Zergling x2  
  63  4:25  Zergling x6  
  63  4:29  Zergling x2  
  63  4:30  Zergling x4  
  69  4:42  Zergling x8  
  69  4:45  Roach x3  
  76  4:52  Zergling x2  
  76  4:53  Zergling x2  
  76  4:58  Zergling x2  
  79  5:00  Roach  
  79  5:04  Roach  
  79  5:06  Zergling x2  
  81  5:10  Queen  
  73  5:14  Zergling x10  
  73  5:20  Zergling x2  
  77  5:24  Zergling x8  
  77  5:32  Zergling x4  
  78  5:37  Zergling x2  
  78  5:38  Zergling x2  
  78  5:39  Zergling x2  
  78  5:41  Ravager  
  74  5:45  Roach x3  

Tags
 
Add a new tag
Caveats
  • Supply blocks, unpowered buildings, or Contaminate may cause inaccurate times.
  • Supply counts are checked every 10 seconds.